 Dungeon Crawl Stone Soup version 0.26.0-10-g1f06aea511 (webtiles) character file.

Game seed: 9984335599979460283

181 Borgoz the Ducker (level 5, -1/46 HPs)
             Began as a Ghoul Gladiator on Jan 14, 2021.
             Killed by divine providence
             ... invoked by an orc priest
              (8 damage)
             ... on level 3 of the Dungeon.
             The game lasted 00:04:11 (3077 turns).

Borgoz the Ducker (Ghoul Gladiator)                 Turns: 3077, Time: 00:04:11

Health: -1/46      AC:  7    Str: 19    XL:     5   Next: 61%
Magic:  4/4        EV: 12    Int:  3    God:
Gold:   64         SH:  0    Dex: 10    Spells: 4/4 levels left

rFire    . . .     SeeInvis .   a - +0 long sword
rCold    + + .     Faith    .   (no shield)
rNeg     + + +     Spirit   .   m - +0 ring mail
rPois    ∞         Reflect  .   c - +0 helmet
rElec    .         Harm     .   b - +0 cloak
rCorr    .         Rampage  .   (no gloves)
Will     .....                  (no boots)
Stlth    ..........             (no amulet)
HPRegen  0.00/turn              f - ring of protection from cold
MPRegen  0.09/turn              (no ring)

@: confused, flying
A: claws 1, cold resistance 1, negative energy resistance 3, inhibited
regeneration, torment resistance, unbreathing
a: no special abilities


You were on level 3 of the Dungeon.
You visited 1 branch of the dungeon, and saw 3 of its levels.

You collected 64 gold pieces.

Inventory:

Hand Weapons
 a - a +0 long sword (weapon)
Missiles
 d - a throwing net (quivered)
Armour
 b - a +0 cloak (worn)
 c - a +0 helmet (worn)
 m - a +0 ring mail (worn)
Jewellery
 f - a ring of protection from cold (left claw)
Scrolls
 l - a scroll of fear {unknown}
 p - 3 scrolls of teleportation
Potions
 e - 2 potions of flight
 g - a potion of attraction {unknown}
 h - a potion of mutation {unknown}
 i - a potion of might {unknown}
 j - a potion of brilliance {unknown}
 k - a potion of haste


   Skills:
 * Level 3.8 Fighting
 * Level 3.6 Long Blades
 - Level 1.7 Throwing
 + Level 1.3 Armour
 * Level 3.8 Dodging


You had 4 spell levels left.
You didn't know any spells.
Your spell library was empty.

Dungeon Overview and Level Annotations

Branches:
Dungeon (3/15)

Altars:
Fedhas
Qazlal
Trog
The Shining One


Innate Abilities, Weirdness & Mutations

You thrive by killing the living.
You are immune to poison.
You have sharp fingernails.
Your flesh is cold resistant. (rC+)
You are immune to negative energy. (rN+++)
You do not regenerate when monsters are visible.
You are immune to unholy pain and torment.
You can survive without breathing.


Message History

The puff of flame hits you.
You are too injured to fight recklessly!
You are too injured to fight recklessly!
Okay, then.
You closely miss something.
You hear some strange, mumbled words.
You are confused.
You hit something. Something hits you but does no damage.
You hear some strange, mumbled words.
A puff of flame appears from out of thin air!
The puff of flame misses you.
The orc priest calls down the wrath of Beogh upon you.
Beogh smites you!
* * * LOW HITPOINT WARNING * * *
It was a potion of flight.
You feel very buoyant.
You fly up into the air.
The orc priest calls down the wrath of Beogh upon you.
Beogh smites you!
You die...

## ############
.####..........#
......########.#
..########## #.#
#..........#
#.#########
..########.#
#..@.)o...# ..#
#.# #..######.#
..# #.# #..# ).#
#.# #..#
#†########.#
#..#
#..........#
#..#
#..##..#####
#..# #..##..#
#..# ...##..#


You could see an orc priest.

Vanquished Creatures
  An orc wizard (D:2)
  3 adders (D:3)
  3 gnolls
  3 worms (D:3)
  3 dart slugs
  A leopard gecko (D:1)
  9 orcs
  8 bats
  3 giant cockroaches (D:1)
  8 goblins
  6 hobgoblins
  7 jackals
  3 ball pythons (D:1)
  3 frilled lizards
  9 kobolds
  2 rats (D:1)
72 creatures vanquished.

Notes
Turn   | Place    | Note
-------+----------+-------------------------------------------
     0 | D:1      | Borgoz the Ghoul Gladiator began the quest for the Orb.
     0 | D:1      | Reached XP level 1. HP: 17/17 MP: 0/0
    20 | D:1      | Reached XP level 2. HP: 18/25 MP: 1/1
   199 | D:1      | Reached XP level 3. HP: 30/30 MP: 2/2
   587 | D:2      | Found a glowing golden altar of the Shining One.
  1110 | D:2      | Found a blossoming altar of Fedhas.
  1111 | D:2      | Found a stormy altar of Qazlal.
  1111 | D:2      | Found a bloodstained altar of Trog.
  1815 | D:3      | Reached XP level 4. HP: 38/38 MP: 3/3
  1851 | D:2      | Reached skill level 1 in Armour
  2266 | D:3      | Reached XP level 5. HP: 36/45 MP: 4/4
  3077 | D:3      | Killed from afar by an orc priest

Illustrated notes

Levels and vault maps discovered:
D:1:      eino_arrival_water_cross, layout_rooms
D:2:      layout_loops_corners, chequers_temple_overflow_statue_of_worship,
          nicolae_tso_swordbearing_angel
D:3:      layout_loops_ring, minivault_24, minmay_misc_feat_square,
          st_stairs_11, kennysheep_generic_room_5

Skill      XL: |  1  2  3  4 |
---------------+-------------+-----
Dodging        | 3 |  3.8
Long Blades    | 3 |  3.6
Fighting       | 3 |  3.8
Armour         | 1 |  1.3
Throwing       | |  1.7

Action                   |  1- 3 |  4- 6 || total
-------------------------+-------+-------++-------
Melee: Long sword        |   109 |   101 ||   210
Throw: Throwing net      |       |     2 ||     2
  Use: Scroll            |     6 |       ||     6
       Potion            |       |     1 ||     1
Armor: Leather armour    |    31 |       ||    31
       Ring mail         |    14 |    49 ||    63
Dodge: Dodged            |   102 |    70 ||   172
       Rpst.: Long sword |    28 |    21 ||    49
